 Dungeon Crawl Stone Soup version 0.30.1-3-gfc49f6343a (webtiles) character file.

Game seed: 12491127216509739015

125302 Peloso the Peltast (level 16, -1/151 HPs)
             Began as a Minotaur Fighter on Aug 2, 2023.
             Was a Priest of Okawaru.
             Slain by a jumping spider (3 damage)
             ... on level 2 of the Spider Nest.
             The game lasted 01:24:03 (36339 turns).

Peloso the Peltast (Minotaur Fighter)              Turns: 36339, Time: 01:24:03

Health: -1/151     AC:  0    Str: 25 (28) XL:     16   Next: 41%
Magic:  0/16       EV:  8    Int:  7 (8)  God:    Okawaru [***...]
Gold:   3242       SH: 19    Dex: 12 (13) Spells: 15/15 levels left

rFire   + + .        a - +6 double sword (flame)
rCold   + . .        d - +0 tower shield of Lifelessness {rPois rF+ Regen+}
rNeg    + . .        p - +2 plate armour {rF+}
rPois   +            Q - +0 hat {Will+}
rElec   +            j - +1 cloak
rCorr   .            M - +0 pair of gloves
SInv    +            (no boots)
Will    ++...        P - amulet of Broken Luck {Acrobat Fly Str+2 Slay+2 SInv} Stlth
                     B - ring of protection from cold
HPRegen 1.25/turn    T - ring "Dalila" {rElec rN+ Int+3}
MPRegen 0.15/turn

%: acrobat
@: corroded, flying, studying Hexes
A: horns 2, retaliatory headbutt, talons 1
a: Renounce Religion, Heroism


You were on level 2 of the Spider Nest.
You worshipped Okawaru.
Okawaru was most pleased with you.
You visited 6 branches of the dungeon, and saw 26 of its levels.
You also visited: Trove, Sewer and Ice Cave.

You collected 5612 gold pieces.
You spent 2370 gold pieces at shops.

Inventory:

Hand Weapons
 a - a +6 double sword of flaming (weapon)
 c - the +8 trident of Darkness {antimagic, Dex+4}
   (You found it on level 9 of the Dungeon)

   Dex:       It affects your dexterity (+4).
Armour
 d - the +0 tower shield of Lifelessness (worn) {rPois rF+ Regen+}
   (You found it in a treasure trove)

   rF:        It protects you from fire.
   rPois:     It protects you from poison.
   Regen:     It increases your rate of health regeneration.
 j - a +1 cloak (worn)
 p - a +2 plate armour of fire resistance (worn)
 M - a +0 pair of gloves (worn)
 Q - a +0 hat of willpower (worn)
 R - the +1 hat of Dice, Bag, and Bottle {rCorr}
   (You found it in a treasure trove)

   rCorr:     It protects you from acid and corrosion.
Magical Staves
 S - a staff of fire
Jewellery
 e - the ring "Loihesum" {Ice rPois Str-5 Dex+3 SInv}
   (You found it in an ice cave)

   [ring of ice]

   It enhances your ice magic.
   Str:       It affects your strength (-5).
   Dex:       It affects your dexterity (+3).
   rF:        It makes you vulnerable to fire.
   rC:        It protects you from cold.
   rPois:     It protects you from poison.
   SInv:      It lets you see invisible.
 h - a +4 ring of protection
 k - a ring of resist corrosion
 m - a ring of protection from cold
 o - an amulet of regeneration
 s - a ring of wizardry
 A - a ring of willpower
 B - a ring of protection from cold (left hand)
 P - the amulet of Broken Luck (around neck) {Acrobat Fly Str+2 Slay+2 SInv}
   (You found it in a treasure trove)

   [amulet of the acrobat]

   It increases your evasion while moving and waiting.
   Str:       It affects your strength (+2).
   Slay:      It affects your accuracy & damage with ranged weapons and melee
   (+2).
   SInv:      It lets you see invisible.
   Fly:       It grants you flight.
 T - the ring "Dalila" (right hand) {rElec rN+ Int+3}
   (You found it in a treasure trove)

   [ring of positive energy]

   Int:       It affects your intelligence (+3).
   rElec:     It insulates you from electricity.
   rN:        It protects you from negative energy.
 W - the ring "Kacaah" {rF++ Dex+6}
   (You found it in a treasure trove)

   [ring of dexterity]

   Dex:       It affects your dexterity (+6).
   rF:        It greatly protects you from fire.
 X - the ring of Femau {rPois Str+2 Int+6 Dex+2}
   (You found it in a treasure trove)

   [ring of intelligence]

   Str:       It affects your strength (+2).
   Int:       It affects your intelligence (+6).
   Dex:       It affects your dexterity (+2).
   rPois:     It protects you from poison.
Wands
 r - a wand of roots (11)
 x - a wand of digging (1)
Scrolls
 b - a scroll of amnesia
 l - a scroll of brand weapon
 n - 6 scrolls of teleportation
 q - 3 scrolls of magic mapping
 u - a scroll of enchant weapon
 C - 2 scrolls of fear
 D - 5 scrolls of poison
 E - 3 scrolls of identify
 H - 4 scrolls of immolation
Potions
 f - a potion of mutation
 g - a potion of magic
 i - 15 potions of curing
 t - 6 potions of flight
 w - 3 potions of invisibility
 z - a potion of berserk rage
 L - 3 potions of lignification
 V - a potion of resistance


   Skills:
 + Level 16.0 Fighting
 + Level 12.8 Long Blades
 + Level 1.5(10.3) Axes
 + Level 15.6(15.7) Polearms
 + Level 17.7 Armour
 + Level 3.8 Dodging
 + Level 2.2 Stealth
 + Level 17.7 Shields
 + Level 2.3 Invocations
 + Level 1.3 Evocations


You had 15 spell levels left.
You didn't know any spells.
Your spell library contained the following spells:

 Spells                   Type           Power      Damage    Failure   Level
 Kiss of Death            Conj/Necr      0%         2d5       99%         1
 Shock                    Conj/Air       0%         1d3       99%         1
 Blink                    Tloc           0%         N/A       100%        2
 Ensorcelled Hibernation  Hex/Ice        0%         N/A       100%        2
 Lesser Beckoning         Tloc           0%         N/A       100%        2
 Momentum Strike          Conj/Tloc      0%         3d8       100%        2
 Scorch                   Fire           0%         2d5       100%        2
 Static Discharge         Conj/Air       0%         2-2/arc   100%        2
 Confusing Touch          Hex            0%         N/A       100%        3
 Portal Projectile        Hex/Tloc       0%         N/A       100%        3
 Spider Form              Tmut/Pois      0%         N/A       100%        3
 Airstrike                Air            0%         2d(0-16)  100%        4
 Anguish                  Hex/Necr       0%         N/A       100%        4
 Dispel Undead            Necr           0%         3d6       100%        4
 Flame Wave               Conj/Fire      0%         2d4       100%        4
 Leda's Liquefaction      Hex/Erth       0%         N/A       100%        4
 Conjure Ball Lightning   Conj/Air       0%         3x3d6     100%        6
 Orb of Destruction       Conj           0%         9d5       100%        7
 Discord                  Hex            0%         N/A       100%        8
 Disjunction              Tloc           0%         N/A       100%        8
 Call Canine Familiar     Summ           Unusable   N/A       N/A         3
 Summon Lightning Spire   Summ/Air       Unusable   N/A       N/A         4
 Summon Cactus Giant      Summ           Unusable   N/A       N/A         6

Dungeon Overview and Level Annotations

Branches:
Dungeon (15/15)            Temple (1/1) D:4            Lair (5/5) D:10
 Shoals (0/4) Lair:3       Spider (1/4) Lair:2        Slime (0/5) Lair:4
    Orc (2/2) D:10            Elf (1/3) Orc:2        Vaults (0/5) D:13
  Sewer (visited)           IceCv (visited)
 Depths: D:15

Altars:
Ashenzari
Cheibriados
Dithmenos
Elyvilon
Fedhas
Gozag
Hepliaklqana
Kikubaaqudgha
Makhleb
Nemelex Xobeh
Okawaru
Qazlal
Ru
Sif Muna
Trog
Uskayaw
Vehumet
Wu Jian
Xom
Yredelemnul
Zin
The Shining One
Jiyva

Shops:
D:6 *   D:12 *   D:13 **!(   D:14 =   Orc:2 ([*:(

Portals:
Abyss: D:5

Annotations:
D:13 1 transporter
Lair:1 Casa
Spider:1 Roxanne


Innate Abilities, Weirdness & Mutations

You have a pair of horns on your head.
You reflexively headbutt those who attack you in melee.
You have sharp toenails.


Message History

The entropic weave corrodes you! The entropy weaver hits you.
You block the entropy weaver's attack. x2; The entropy weaver hits you.
The jumping spider leaps!
You don't have enough magic at the moment.
You barely miss the entropy weaver.
You claw the entropy weaver, but do no damage.
The entropy weaver is lightly wounded.
You block the entropy weaver's attack. x2
The entropy weaver barely misses you. The entropy weaver hits you.
The ghost moth stares at you.
Unknown command.
You barely miss the entropy weaver. Your kick misses the entropy weaver.
The entropy weaver is lightly wounded.
You block the jumping spider's attack.
The jumping spider bites you but does no damage.
The entropy weaver casts a spell at you.
The entropic weave corrodes you!
The entropy weaver casts a spell at you.
The entropic weave corrodes you! The ghost moth stares at you.
The jumping spider pounces on you. The jumping spider bites you!
You hit the ghost moth but do no damage.
The jumping spider pounces on you!!
You are caught in a web!
The jumping spider bites you!
* * * LOW HITPOINT WARNING * * *
The ghost moth stares at you. The ghost moth hits you!!
* * * LOW HITPOINT WARNING * * *
You feel weakened. The ghost moth hits you!
* * * LOW HITPOINT WARNING * * *
You feel dopey. The ghost moth completely misses you.
The web tears apart.
You block the jumping spider's attack. x2
The ghost moth misses you. The ghost moth hits you.
* * * LOW HITPOINT WARNING * * *
The ghost moth barely misses you. The jumping spider pounces on you!
* * * LOW HITPOINT WARNING * * *
The jumping spider bites you.
You die...

######
#.. .####
#s#.....
#@#.#.#
#y#s[# #
#Bsy###.#


#wsBByBy. #s#B#.#B. #s#s.#.. ##...#.#.# ##.....## # #.?.....# You could see a
ghost moth (invisible), 3 entropy weavers, a steelbarb worm, 2 culicivoras, 2
jumping spiders, a tarantella and a redback.

Vanquished Creatures
  Zenata (Elf:1)
  Jorgrun (Spider:1)
  Donald (Elf:1)
  A rockslime (IceCv)
  3 azure jellies (IceCv)
  A fire giant (D:11)
  An orc warlord (Orc:2)
  A ghost moth (Spider:2)
  3 quicksilver oozes (IceCv)
  A stone giant (Orc:2)
  2 broodmothers (Spider:1)
  Nessos (D:14)
  A deep elf demonologist (Elf:1)
  Josephine (D:14)
  3 ettins (Orc:2)
  2 deep elf high priests (Elf:1)
  3 hydras
  2 radroaches
  A merfolk avatar (Lair:5)
  4 two-headed ogres
  A centaur warrior (D:11)
  6 dancing weapons
  4 boulder beetles
  2 orc high priests
  Urug (Lair:4)
  3 skysharks
  2 deep elf knights (Elf:1)
  A skeletal warrior (D:10)
  A pharaoh ant (Spider:1)
  Lodul (D:13)
  A goliath frog (shapeshifter) (D:11)
  3 deep elf archers (Elf:1)
  3 orange crystal statues (IceCv)
  An orb spider (Spider:1)
  A steelbarb worm (Lair:2)
  8 deep elf zephyrmancers (Elf:1)
  6 orc sorcerers
  10 cyclopes
  5 oklob plants
  2 harpies (Lair:5)
  12 deep elf pyromancers
  4 ugly things
  2 wolf spiders (Spider:1)
  3 manticores
  3 black mambas
  17 elephants
  A merfolk siren (Lair:3)
  10 slime creatures
  A demonic crawler (Lair:2)
  The ghost of Peloso the Slasher, a novice MiFi (D:5)
  2 gargoyles
  A cane toad (shapeshifter) (Elf:1)
  A torpor snail (Lair:4)
  4 unseen horrors
  Joseph (D:7)
  Maggie (D:6)
  6 cane toads
  5 rime drakes
  A kobold demonologist (D:11)
  A freezing wraith (D:11)
  13 komodo dragons
  4 meliai
  A merfolk (Lair:3)
  A tarantella (shapeshifter) (D:14)
  2 polar bears
  5 tarantellas
  Prince Ribbit (D:5)
  8 trolls
  3 hornets
  10 dream sheep
  18 blink frogs
  6 jumping spiders
  Grinder (D:4)
  A snapping turtle (Lair:5)
  A jumping spider (shapeshifter) (D:14)
  A spriggan (Lair:4)
  A vampire (D:13)
  A spriggan (shapeshifter) (D:13)
  2 shadows
  Eustachio (D:4)
  3 wyverns
  A water elemental (Elf:1)
  9 wraiths
  4 culicivoras (Spider:1)
  76 yaks
  3 basilisks
  11 redbacks
  8 vampire mosquitoes
  Grum (Lair:1)
  2 steam dragons (Lair:5)
  Menkaure (D:4)
  4 wargs
  3 acid dragons
  12 water moccasins
  A swamp drake (D:10)
  An ice beast (D:6)
  2 black bears
  23 orc warriors
  6 great orb of eyes simulacra (IceCv)
  A sky beast (D:6)
  The ghost of FishyPogo the Caller, an amateur HOSu (D:4)
  15 ogres
  13 wolves
  9 centaurs
  5 slime creature simulacra (IceCv)
  3 kobold brigands
  7 glowing shapeshifter simulacra (IceCv)
  12 bullfrogs
  A gnoll sergeant (D:6)
  An earth elemental (Elf:1)
  3 scorpions
  A wyvern skeleton (D:4)
  8 wights
  A small abomination (D:5)
  21 killer bees
  4 howler monkeys (D:9)
  An electric eel (D:13)
  A crimson imp (D:5)
  A quasit (D:5)
  Crazy Yiuf (D:2)
  10 orc priests
  2 jellies
  2 gnoll boudas
  A sleepcap (D:6)
  Jessica (D:2)
  3 iguanas
  26 orc wizards
  5 hell rats (Lair:3)
  2 killer bee zombies (D:4)
  Robin (D:1)
  18 gnolls
  11 adders
  A river rat (Sewer)
  A white imp (D:8)
  An ufetubus (D:4)
  A worm (D:2)
  A dart slug (D:3)
  76 orcs
  5 endoplasms
  3 giant cockroaches
  20 goblins
  9 hobgoblins
  3 jackals (D:4)
  14 kobolds
  10 quokkas
  9 ball pythons
  5 bats
  10 frilled lizards
  11 rats
  A butterfly (Lair:2)
798 creatures vanquished.

Vanquished Creatures (others)
  2 jumping spiders (Spider:1)
  A gnoll (Orc:1)
3 creatures vanquished.

Grand Total: 801 creatures vanquished

Notes
Turn   | Place    | Note
-------+----------+-------------------------------------------
     0 | D:1      | Peloso the Minotaur Fighter began the quest for the Orb.
     0 | D:1      | Reached XP level 1. HP: 19/19 MP: 0/0
    88 | D:1      | Reached XP level 2. HP: 19/27 MP: 1/1
   588 | D:1      | Identified a scroll of acquirement
   591 | D:1      | Gained mutation: You have sharp toenails. [potion of
                  | mutation]
   668 | D:2      | Noticed Robin
   672 | D:2      | Reached XP level 3. HP: 30/33 MP: 2/2
   690 | D:1      | Killed Robin
   736 | D:2      | Found a white marble altar of Elyvilon.
   986 | D:2      | Noticed Jessica
   993 | D:2      | Killed Jessica
   994 | D:2      | Reached XP level 4. HP: 40/40 MP: 3/3
  1149 | D:2      | Found a runed translucent door.
  1150 | D:2      | Noticed Crazy Yiuf
  1325 | D:3      | Found a basalt altar of Yredelemnul.
  1421 | D:3      | Reached skill level 5 in Armour
  1462 | D:3      | Reached XP level 5. HP: 29/47 MP: 4/4
  1578 | D:3      | Found a glowing drain.
  1596 | Sewer    | Entered a sewer
  2011 | D:3      | Reached skill level 5 in Fighting
  2016 | D:3      | Reached XP level 6. HP: 45/56 MP: 5/5
  2158 | D:3      | You fall into a shaft and drop 2 floors!
  2158 | D:5      | Entered Level 5 of the Dungeon
  2222 | D:4      | Reached skill level 1 in Dodging
  2450 | D:3      | Reached skill level 5 in Long Blades
  2746 | D:4      | Noticed Grinder
  2752 | D:4      | Killed Grinder
  2753 | D:4      | Reached XP level 7. HP: 57/64 MP: 6/6
  2798 | D:4      | Identified the +6 dagger of Dissent {vamp, *Slow rElec
                  | rC+++}
  2810 | D:4      | Noticed FishyPogo's ghost (amateur HOSu)
  2811 | D:4      | Found a runed translucent gate.
  2811 | D:4      | Found a runed translucent gate.
  2811 | D:4      | Found a runed translucent gate.
  2844 | D:4      | Noticed Menkaure
  2850 | D:4      | Killed Menkaure
  3089 | D:4      | Noticed Eustachio
  3106 | D:4      | Killed Eustachio
  3126 | D:4      | Found a staircase to the Ecumenical Temple.
  3556 | Temple   | Entered the Ecumenical Temple
  3723 | D:5      | Found a one-way gate to the infinite horrors of the Abyss.
  3723 | D:5      | Noticed Peloso's ghost (novice MiFi)
  3758 | D:5      | Noticed Prince Ribbit
  3793 | D:5      | Found a sparkling altar of Nemelex Xobeh.
  3801 | D:5      | Killed Prince Ribbit
  3802 | D:5      | Reached XP level 8. HP: 33/73 MP: 7/7
  4154 | D:5      | Found a transporter.
  4161 | D:5      | Found a transporter.
  4660 | D:6      | Found a broken altar of Ashenzari.
  4724 | D:6      | Reached skill level 5 in Shields
  5127 | D:6      | Noticed Maggie
  5143 | D:6      | Killed Maggie
  5151 | D:6      | Reached XP level 9. HP: 44/81 MP: 8/8
  5339 | D:6      | Found Tasel's General Store.
  5487 | D:6      | Identified the +1 hand axe "Irodd" {venom, Will++ Str+4
                  | Dex-2}
  5914 | D:6      | Reached skill level 1 in Stealth
  6475 | D:7      | Noticed Joseph
  6493 | D:7      | Killed Joseph
  6494 | D:7      | Reached skill level 10 in Long Blades
  6977 | D:7      | Reached XP level 10. HP: 53/87 MP: 9/9
  7093 | D:8      | Reached skill level 1 in Evocations
  7246 | D:8      | Found a glowing silver altar of Zin.
  7305 | D:8      | Reached skill level 10 in Armour
  7439 | D:8      | Found an iron altar of Okawaru.
  7454 | D:8      | Became a worshipper of Warmaster Okawaru
  8162 | D:9      | Identified the +8 trident of Darkness {antimagic, Dex+4}
  8179 | D:9      | Reached * piety under Okawaru
  8389 | D:9      | Reached skill level 1 in Polearms
  8533 | D:9      | Reached ** piety under Okawaru
  9211 | D:10     | Entered Level 10 of the Dungeon
  9320 | D:10     | Noticed a two-headed ogre
  9333 | D:10     | Killed a two-headed ogre
  9334 | D:10     | Reached XP level 11. HP: 57/99 MP: 1/10
  9486 | D:10     | Found a staircase to the Orcish Mines.
  9493 | D:10     | Reached *** piety under Okawaru
  9850 | D:10     | Reached skill level 5 in Polearms
  9949 | D:10     | Found a staircase to the Lair.
  9950 | D:10     | Noticed an oklob plant
  9963 | D:10     | Killed an oklob plant
  9964 | D:10     | Reached skill level 10 in Fighting
 10287 | D:10     | Reached **** piety under Okawaru
 10628 | D:11     | Reached ***** piety under Okawaru
 10631 | D:11     | Received a gift from Okawaru
 10756 | D:11     | Noticed a two-headed ogre
 10763 | D:11     | Killed a two-headed ogre
 10764 | D:11     | Reached skill level 10 in Shields
 10805 | D:11     | Noticed a skeletal warrior
 10805 | D:11     | Noticed a centaur warrior
 11019 | D:10     | Killed a skeletal warrior
 11223 | D:11     | Killed a centaur warrior
 11857 | D:11     | Noticed a deep elf pyromancer
 11891 | D:11     | Killed a deep elf pyromancer
 11892 | D:11     | Reached XP level 12. HP: 48/107 MP: 1/11
 11968 | D:11     | Noticed a two-headed ogre
 11975 | D:11     | Killed a two-headed ogre
 12057 | D:11     | Noticed a fire giant
 12319 | Lair:1   | Entered Level 1 of the Lair of Beasts
 12580 | D:10     | Received a gift from Okawaru
 12837 | D:10     | Reached skill level 10 in Polearms
 13579 | Lair:1   | Noticed Grum
 13593 | Lair:1   | Killed Grum
 15011 | Lair:2   | Found a hole to the Spider Nest.
 15359 | Lair:2   | Noticed a seven-headed hydra
 15668 | D:12     | Found Irimo's Assorted Antiques.
 15682 | D:12     | Bought 2 metallic ruby potions for 36 gold pieces
 15682 | D:12     | Bought a metallic ruby potion for 18 gold pieces
 15783 | D:12     | Noticed a boulder beetle
 15809 | D:12     | Killed a boulder beetle
 16042 | D:12     | Reached XP level 13. HP: 90/116 MP: 1/12
 16358 | D:12     | Noticed an angel
 16359 | D:12     | Found a glowing silver altar of Zin.
 16562 | D:11     | Identified the staff of cold "Dittipp" {rPois rC+ Str+5
                  | SInv Stlth-}
 16577 | D:11     | Killed a fire giant
 16588 | D:11     | Reached skill level 1 in Invocations
 16631 | D:11     | Identified the +0 chain mail of the Cricket {Str+5 Int-5}
 16754 | D:11     | an iron troll changed into an azure jelly
 16754 | D:11     | Noticed an azure jelly (glowing shapeshifter)
 16755 | D:11     | an azure jelly changed into a frost giant
 16755 | D:11     | Noticed a frost giant (glowing shapeshifter)
 16757 | D:11     | a frost giant changed into an azure jelly
 16757 | D:11     | Noticed an azure jelly (glowing shapeshifter)
 17282 | Orc:1    | Entered Level 1 of the Orcish Mines
 18166 | Orc:2    | Entered Level 2 of the Orcish Mines
 18183 | Orc:2    | Noticed a stone giant
 18657 | Orc:2    | Killed a stone giant
 18957 | Orc:2    | Found Cacseras's Antique Armour Emporium.
 18970 | Orc:2    | Bought a spiked scale mail for 225 gold pieces
 18970 | Orc:2    | Identified the +1 scale mail of Incorporation {rC+ rCorr
                  | Int+2} (You bought it in a shop on level 2 of the Orcish
                  | Mines)
 19080 | Orc:2    | Noticed an ettin
 19091 | Orc:2    | Killed an ettin
 19269 | Orc:2    | Found Qyexarcha's Antique Weapon Emporium.
 19368 | Orc:2    | Found Caifeaci's Book Boutique.
 19368 | Orc:2    | Noticed an ettin
 19379 | Orc:2    | Killed an ettin
 19505 | Orc:2    | Noticed an ettin
 19506 | Orc:2    | Found Ufeutyw's General Store.
 19519 | Orc:2    | Killed an ettin
 19590 | Orc:2    | Noticed an orc warlord
 20081 | Orc:2    | Killed an orc warlord
 20308 | Orc:2    | Found a staircase to the Elven Halls.
 20352 | Orc:2    | Identified the +1 scale mail "Weusir" {Dex+2} (Okawaru
                  | gifted it to you on level 2 of the Orcish Mines)
 20352 | Orc:2    | Received a gift from Okawaru
 20533 | Orc:2    | Found Uveihif's Weapon Shop.
 20787 | Orc:2    | Bought a scroll of acquirement for 936 gold pieces
 20790 | Orc:2    | Acquired 1014 gold pieces
 20797 | Orc:2    | Bought a scroll of acquirement for 936 gold pieces
 21419 | Orc:2    | Bought a +2 war axe of flaming for 219 gold pieces
 21780 | Lair:2   | Reached XP level 14. HP: 84/127 MP: 5/14
 22033 | Lair:2   | Reached skill level 15 in Armour
 22045 | Lair:2   | Reached skill level 1 in Axes
 22965 | Lair:3   | Found a staircase to the Shoals.
 24198 | Lair:4   | Found a viscous altar of Jiyva.
 24200 | Lair:4   | Found a staircase to the Slime Pits.
 25969 | Lair:4   | Noticed Urug
 25982 | Lair:4   | Killed Urug
 26297 | Lair:5   | Entered Level 5 of the Lair of Beasts
 26354 | Lair:5   | Identified the +0 scale mail of Disappointment {-Tele Int+3
                  | SInv} (Okawaru gifted it to you on level 5 of the Lair of
                  | Beasts)
 26354 | Lair:5   | Received a gift from Okawaru
 27302 | Lair:5   | Identified the +5 trident of the Ship {heavy, Int+2}
 27325 | Lair:5   | Reached XP level 15. HP: 65/139 MP: 2/15
 27345 | Lair:5   | Reached skill level 15 in Shields
 27567 | Lair:5   | Got the Commentary on Confrontation
 27577 | Lair:5   | Identified the +0 chain mail of the Blizzard {rPois Str+4
                  | Dex-2}
 28106 | D:13     | Found Cink's Elemental Accessories.
 28401 | D:13     | Found a gate to the Vaults.
 28750 | D:13     | Received a gift from Okawaru
 28751 | D:13     | Reached skill level 15 in Polearms
 28921 | D:13     | Noticed Lodul
 28943 | D:13     | Killed Lodul
 28994 | D:13     | Found a transporter.
 29000 | D:13     | Found a viscous altar of Jiyva.
 29229 | D:13     | Found Rotyr's General Store.
 29231 | D:13     | Found Zarrap's Distillery.
 29233 | D:13     | Found Jifebat's Weapon Shop.
 29427 | D:15     | Entered Level 15 of the Dungeon
 29454 | D:14     | Found Courphux's Jewellery Shop.
 29460 | D:14     | Acquired 891 gold pieces
 29466 | D:14     | Acquired 1204 gold pieces
 29737 | D:14     | Noticed Josephine
 29747 | D:14     | Killed Josephine
 29904 | D:14     | Reached skill level 15 in Fighting
 30360 | D:14     | Noticed Nessos
 30378 | D:14     | Killed Nessos
 30881 | D:14     | Found a portal to a secret trove of treasure.
 30886 | Trove    | Entered a treasure trove
 30888 | Trove    | Identified the +0 tower shield of Lifelessness {rPois rF+
                  | Regen+}
 30907 | Trove    | Identified the amulet of Broken Luck {Acrobat Fly Str+2
                  | Slay+2 SInv}
 30911 | Trove    | Identified the +1 hat of Dice, Bag, and Bottle {rCorr}
 30912 | Trove    | Identified the +1 hat of Qezxirat {Contam Harm rF+}
 30926 | Trove    | Identified the ring "Dalila" {rElec rN+ Int+3}
 30978 | Trove    | Identified the ring of Hurail {rN+ EV+5 Dex-5 SInv}
 30992 | Trove    | Identified the ring "Kacaah" {rF++ Dex+6}
 31023 | Trove    | Identified the ring of Femau {rPois Str+2 Int+6 Dex+2}
 31038 | Trove    | Identified the ring of Zofyttue {MP+9 Dex+3}
 31795 | D:2      | Killed Crazy Yiuf
 31899 | D:4      | Killed FishyPogo's ghost
 32040 | D:5      | Killed Peloso's ghost
 32502 | Elf:1    | Entered Level 1 of the Elven Halls
 32548 | Elf:1    | Found a frozen archway.
 32575 | IceCv    | Entered an ice cave
 32616 | IceCv    | Noticed an azure jelly
 32619 | IceCv    | Noticed an azure jelly
 32619 | IceCv    | Noticed an azure jelly
 32623 | IceCv    | Noticed an azure jelly
 32944 | IceCv    | Found a viscous altar of Jiyva.
 32944 | IceCv    | Noticed an azure jelly
 32944 | IceCv    | Noticed an azure jelly
 32952 | IceCv    | Killed an azure jelly
 32955 | IceCv    | Noticed an azure jelly
 32956 | IceCv    | Killed an azure jelly
 32957 | IceCv    | Noticed a rockslime
 32968 | IceCv    | Killed an azure jelly
 32976 | IceCv    | Killed a rockslime
 32987 | IceCv    | Got the ring "Loihesum" {Ice rPois Str-5 Dex+3 SInv}
 33633 | Elf:1    | Noticed Donald
 33651 | Elf:1    | Killed Donald
 33844 | Elf:1    | Found a shimmering blue altar of Sif Muna.
 33844 | Elf:1    | Noticed Zenata
 33872 | Elf:1    | Killed Zenata
 34692 | Elf:1    | Reached XP level 16. HP: 144/150 MP: 16/16
 35615 | Spider:1 | Entered Level 1 of the Spider Nest
 35690 | Spider:1 | Noticed Roxanne
 35841 | Spider:1 | Noticed Jorgrun
 35867 | Spider:1 | Killed Jorgrun
 36215 | Spider:1 | Received a gift from Okawaru
 36313 | Spider:1 | You are sucked into a shaft and drop 1 floor!
 36339 | Spider:2 | HP: 2/151 [jumping spider (9)]
 36339 | Spider:2 | Slain by a jumping spider

Illustrated notes

Levels and vault maps discovered:
D:1:      kennysheep_arrival_forest, layout_rooms
D:2:      layout_rooms, basic_altar, uniq_crazy_yiuf_cottage, uniq_jessica,
          uniq_robin
D:3:      layout_loops_ring, mainiacjoe_overflow_brackets, gup_sewer_entry_pipe,
          minmay_gold_behind_fungi
D:4:      layout_loops_cross, minmay_temple_entry_trees,
          gammafunk_ghost_necromancy, minmay_manual_mail, uniq_grinder,
          uniq_eustachio, uniq_menkaure
D:5:      layout_basic, lemuel_doored_altar, gammafunk_ghost_abyssal_escape,
          uniq_prince_ribbit1
D:6:      layout_gridville, nicolae_ashenzari_panopticon, serial_shops, shop,
          minmay_misc_feat_columns, kennysheep_opposing_triangles, uniq_maggie
D:7:      layout_rooms, uniq_joseph
D:8:      layout_rooms, okawaru_trees_2, mainiacjoe_overflow_cross_hatched
D:9:      layout_loops_ring, minmay_quadrilaterals
D:10:     layout_roguey, dpeg_oklobed_lair, erik_orc_1
D:11:     nicolae_hexawheel, layout_basic, kennysheep_minor_cross
D:12:     layout_big_octagon, serial_shops, shop, kennysheep_path_1, zin_angel
D:13:     gammafunk_jiyva_shrine, layout_loops_ring, erik_vaults_1,
          nicolae_elemental_shop, nicolae_wooded_promenade, uniq_lodul
D:14:     layout_loops_corners, serial_shops, nicolae_shop_peninsula,
          enter_trove_3, uniq_nessos, uniq_josephine
D:15:     grunt_enter_depths_snipers, layout_basic, gammafunk_ghost_mausoleum
Temple:   sentei_temple_godly_chess
Lair:1:   layout_gridlike, ldierk_geyser, uniq_grum
Lair:2:   layout_cave_pods, hellmonk_spider_entry_not_the_bees,
          grunt_megastairs_3, lemuel_fruit_fields
Lair:3:   layout_hall_layers, elwin_shoals_entry_rooms, lemuel_fruit_tree,
          grunt_megastairs_5, infiniplex_staircase_pool
Lair:4:   layout_layer_cave, minmay_slime_entry_oklob_enclosed,
          grunt_forest_large_clearings, grunt_megastairs_1, uniq_urug
Lair:5:   gammafunk_lair_ancient_temple, layout_loops_ring
Spider:1: layout_spider_delve, drop_trap, hellmonk_spider_spawner, uniq_roxanne,
          uniq_jorgrun
Spider:2: nicolae_spider_mines_3, nicolae_spider_some_kinda_spiderbox,
          uniq_mlioglotl
Orc:1:    layout_caves
Orc:2:    grunt_orc_gardens, layout_diamond_mine, grunt_orc_garden,
          grunt_orc_garden, grunt_orc_garden, grunt_orc_garden, serial_shops,
          nicolae_shop_bloodbath_and_beyond
Elf:1:    nicolae_elf_arrival_no_cutting_in_line, layout_geoelf_octagon,
          basic_altar, portal_ice_cave_entry_pillars_three,
          hangedman_elf_represent, uniq_zenata, uniq_donald

Skill      XL: |  1  2  3  4  5  6  7  8  9 10 11 12 13 14 15 16 |
---------------+-------------------------------------------------+-----
Armour         | 4 5 6 8 9 10 12 13 14 16 17 | 17.7
Fighting       | 4 5 6 7 8 9 10 11 12 14 15 16 | 16.0
Shields        | 4 5 7 9 10 12 13 14 17 | 17.7
Long Blades    | 3 4 5 7 8 10 11 12 | 12.8
Dodging        | 1 2 3 |  3.8
Stealth        | 1 2 |  2.2
Evocations     | 1 |  1.3
Polearms       | 4 9 11 13 14 15 | 15.6
Invocations    | 2 |  2.3
Axes           | 1 |  1.5

Action                     |  1- 3 |  4- 6 |  7- 9 | 10-12 | 13-15 | 16-18 || total
---------------------------+-------+-------+-------+-------+-------+-------++-------
  Melee: Long sword        |    64 |   182 |   282 |   157 |       |       ||   685
         Headbutt          |     9 |    23 |    50 |   190 |   472 |    50 ||   794
         Kick              |    11 |    34 |    80 |   309 |   709 |    83 ||  1226
         Trident           |       |       |       |   638 |  1525 |       ||  2163
         War axe           |       |       |       |       |    18 |       ||    18
         Double sword      |       |       |       |       |    36 |   219 ||   255
 Invoke: Heroism           |       |       |       |    12 |    20 |     4 ||    36
  Evoke: Wand              |       |     2 |     2 |     1 |     3 |       ||     8
    Use: Potion            |     5 |       |       |     6 |     4 |     3 ||    18
         Scroll            |     5 |     2 |     9 |    11 |    21 |     6 ||    54
 Armour: Scale mail        |    32 |       |       |       |       |       ||    32
         Plate armour      |     3 |   138 |   201 |   426 |   563 |   204 ||  1535
  Dodge: Dodged            |    24 |    58 |    89 |   220 |   317 |   154 ||   862
  Block: Buckler           |    17 |    53 |    33 |       |       |       ||   103
         Kite shield       |       |       |    84 |   525 |   726 |       ||  1335
         Tower shield      |       |       |       |       |   236 |   344 ||   580
